 Dungeon Crawl Stone Soup version 0.30.0-19-g36f170ea60 (webtiles) character file.

Game seed: 15826334758211404180

33 MacCMillion the Grave Robber (level 3, -15/24 HPs)
             Began as a Mummy Necromancer on May 26, 2023.
             Demolished by Menkaure (21 damage)
             ... on level 4 of the Dungeon.
             The game lasted 00:02:24 (1366 turns).

MacCMillion the Grave Robber (Mummy Necromancer)    Turns: 1366, Time: 00:02:25

Health: -15/24     AC:  2    Str: 11    XL:     3   Next: 12%
Magic:  8/8        EV: 12    Int: 16    God:
Gold:   98         SH:  0    Dex: 12    Spells: 8/9 levels left

rFire   x . .        j - +2 dagger (venom)
rCold   + . .        (no shield)
rNeg    + + +        a - +0 robe
rPois   ∞            (no helmet)
rElec   .            (no cloak)
rCorr   .            (no gloves)
SInv    .            (no boots)
Will    .....        (no amulet)
Stlth   ++           (no ring)
HPRegen 0.24/turn    (no ring)
MPRegen 0.11/turn

%: faith
@: no status effects
A: cold resistance 1, negative energy resistance 3, torment resistance 2, heat
vulnerability 1, in touch with death 1, no potions, faith
a: no special abilities


You were on level 4 of the Dungeon.
You visited 1 branch of the dungeon, and saw 3 of its levels.

You collected 98 gold pieces.

Inventory:

Hand Weapons
 d - a +0 whip
 f - a +0 short sword
 g - a +0 dagger
 j - a +2 dagger of venom (weapon)
Armour
 a - a +0 robe (worn)
 m - a +0 helmet
Jewellery
 k - a +4 ring of protection
 l - a ring of wizardry
Scrolls
 b - 2 scrolls of enchant armour {unknown}
 c - a scroll of enchant weapon {unknown}
 e - 2 scrolls of identify {unknown}
 h - a scroll of poison {unknown}
 i - a scroll of vulnerability {unknown}


   Skills:
 - Level 1.7 Dodging
 - Level 1.8 Stealth
 + Level 3.5 Spellcasting
 + Level 4.4 Necromancy


You had 8 spell levels left.
You knew the following spells:

 Your Spells              Type           Power      Damage    Failure   Level
a - Necrotise             Necr           100%       1d9       2%          1

Your spell library contained the following spells:

 Spells                   Type           Power      Damage    Failure   Level
 Vampiric Draining        Necr           25%        2d7       9%          3
 Animate Dead             Necr           25%        N/A       28%         4
 Agony                    Necr           25%        N/A       61%         5
 Petrify                  Tmut/Erth      2%         N/A       87%         4
 Irradiate                Conj/Tmut      1%         3d12      99%         5
 Sublimation of Blood     Necr           Unusable   N/A       N/A         2

Dungeon Overview and Level Annotations

Branches:
Dungeon (2/15)

Altars:
Uskayaw

Annotations:
D:4 Menkaure


Innate Abilities, Weirdness & Mutations

You are immune to poison.
Your flesh is cold resistant. (rC+)
You are immune to negative energy. (rN+++)
You are immune to unholy pain and torment.
You are vulnerable to heat. (rF-)
You are in touch with the powers of death.
You do not drink.
You have a special connection with the divine. (Faith)


Message History

You feel a surge of power!
The quokka writhes in agony.
You feel a surge of power!
The quokka writhes in agony!
You kill the quokka!
You start resting.
Magic restored.
Menkaure, Prince of Dust comes into view.
Menkaure shouts!
Menkaure murmurs, "Let me perform the rites..."
Okay, then.
Found a book of Geomancy.
You hit Menkaure but do no damage.
Your quokka skeleton crumbles into dust!
You hit Menkaure.
Menkaure is lightly damaged.
Menkaure hits you but does no damage.
You closely miss Menkaure.
Menkaure is lightly damaged.
Menkaure sighs, "Let me perform the rites..."
Menkaure hits you!!
Ouch! That really hurt!
* * * LOW HITPOINT WARNING * * *
You are too injured to fight recklessly!
You are too injured to fight recklessly!
You hit Menkaure.
Menkaure is moderately damaged.
Menkaure hits you.
* * * LOW HITPOINT WARNING * * *
You hit Menkaure.
Menkaure is moderately damaged.
Menkaure misses you.
You hit Menkaure but do no damage.
Menkaure is moderately damaged.
You hit Menkaure.
Menkaure is heavily damaged.
Menkaure barely misses you.
You hit Menkaure.
Menkaure is severely damaged.
Menkaure hits you!!
Ouch! That really hurt!
You die...

#.#...PP ♣♣ #.#...P
♣. ♣.###.#...# ♣P.
♣.##......### ..♣
♣.##.........
#♣♣..♣♣.##.........
#.♣♣♣.♣.##.M.P:.#
#.......# #@.♣♣
###.......####..♣
#.............P.♣
#.############.♣P.
#.# ##...# #.# ####
#.# #.# #.#


You could see Menkaure.

Vanquished Creatures
  A ball python (D:2)
  2 bats
  5 goblins (D:1)
  4 hobgoblins
  5 jackals
  2 kobolds (D:1)
  2 quokkas
  2 frilled lizards (D:1)
  2 rats (D:2)
25 creatures vanquished.

Vanquished Creatures (collateral kills)
  A kobold (D:2)
1 creature vanquished.

Grand Total: 26 creatures vanquished

Notes
Turn   | Place    | Note
-------+----------+-------------------------------------------
     0 | D:1      | MacCMillion the Mummy Necromancer began the quest for the
                  | Orb.
     0 | D:1      | Reached XP level 1. HP: 13/13 MP: 4/4
   371 | D:1      | Reached XP level 2. HP: 19/19 MP: 2/5
  1047 | D:2      | Found a hide-covered altar of Uskayaw.
  1237 | D:2      | Gained mutation: You are in touch with the powers of death.
                  | [Mummy growth]
  1237 | D:2      | Reached XP level 3. HP: 24/24 MP: 3/7
  1293 | D:2      | You fall into a shaft and drop 2 floors!
  1355 | D:4      | Noticed Menkaure
  1366 | D:4      | Demolished by Menkaure

Illustrated notes

Levels and vault maps discovered:
D:1:      dpeg_arrival_fog, layout_loops_ring
D:2:      cheibrodos_helix_gallery, layout_basic,
          hellmonk_ecumenical_altar_inner_sanctum, basic_altar
D:4:      minmay_spotlight, layout_basic, temple_fountains, serial_forest,
          infiniplex_forest_clump_C, infiniplex_forest_clump_small,
          infiniplex_forest_clump_curved, infiniplex_forest_zigzag_2,
          infiniplex_forest_lined_4_way, infiniplex_forest_diagonal,
          infiniplex_forest_clump_diagonal, chequers_serial_rivers_small_3,
          kennysheep_generic_room_16, uniq_menkaure

Skill      XL: |  1  2 |
---------------+-------+-----
Spellcasting   | 3 |  3.5
Dodging        | |  1.7
Stealth        | |  1.8
Necromancy     | |  4.4

Action                     || total
---------------------------++-------
  Melee: Whip              ||     4
         Unarmed           ||     4
         Dagger            ||     8
   Cast: Necrotise         ||    37
 Armour: Robe              ||     6
  Dodge: Dodged            ||     9
